TOP OF THE 1ST |
Indianapolis HS Chaos batting - Pitching for Jackson HS Swamp Bats : RHP Johnny Jacobs
|
Pitching: RHP Johnny Jacobs
|
|
Batting: LHB Kyle Robbins
|
0-0: Foul Ball, location: 2F 0-1: Swinging Strike 0-2: Strikes out swinging
|
Batting: RHB Jesús Lima
|
0-0: Swinging Strike 0-1: Ball 1-1: Ball 2-1: Swinging Strike 2-2: Strikes out swinging
|
Batting: RHB Patrice Charette
|
0-0: Ball 1-0: Foul Ball, location: 2F 1-1: Ball 2-1: Foul Ball, location: 2F 2-2: Ground out 5-3 (Groundball, 56S)
|
Top of the 1st over - 0 run(s), 0 hit(s), 0 error(s), 0 left on base; Indianapolis HS 0 - Jackson HS 0 |
BOTTOM OF THE 1ST |
Jackson HS Swamp Bats batting - Pitching for Indianapolis HS Chaos : RHP Denny Herbert
|
Pitching: RHP Denny Herbert
|
|
Batting: LHB Brad Fuller
|
0-0: Ball 1-0: Ball 2-0: Ball 3-0: Called Strike 3-1: Called Strike 3-2: Strikes out looking
|
Batting: RHB Ron Frost
|
0-0: Fly out, F9 (Flyball, 9LM)
|
Batting: RHB Julián García
|
0-0: Called Strike Error on foul ball, E2 0-2: DOUBLE (Flyball, 8LM)
|
Batting: LHB Carlos Anaya
|
0-0: SINGLE (Line Drive, 9S) Julián García to third Runner from 3rd tries for Home, SAFE, no throw
|
Batting: RHB Anthony O'Bryan
|
0-0: Ball Wild Pitch! Carlos Anaya to second 1-0: Swinging Strike 1-1: Ground out 5-3 (Groundball, 5)
|
Bottom of the 1st over - 1 run(s), 2 hit(s), 1 error(s), 1 left on base; Indianapolis HS 0 - Jackson HS 1 |
TOP OF THE 2ND |
Indianapolis HS Chaos batting - Pitching for Jackson HS Swamp Bats : RHP Johnny Jacobs
|
Batting: LHB Ben Donaldson
|
0-0: Called Strike 0-1: Ball 1-1: Ball 2-1: Ball 3-1: Foul Ball, location: 2F 3-2: Fly out, F8 (Flyball, 89M)
|
Batting: RHB Robert Blanchard
|
0-0: Called Strike 0-1: Ball 1-1: Foul Ball, location: 2F 1-2: SINGLE (Line Drive, 6M)
|
Batting: RHB Warren Norton
|
0-0: Foul Ball, location: 2F 0-1: SINGLE (Line Drive, 8RS) Robert Blanchard to second
|
Batting: RHB Jack Gillespie
|
0-0: Ball 1-0: Ball 2-0: SINGLE (Flyball, 89S) Robert Blanchard to third Warren Norton to second
|
Batting: LHB Millard Bengtson
|
0-0: Foul Ball, location: 2F 0-1: Fly out, F6 (Line Drive, 6M)
|
Batting: RHB Danny Giles
|
0-0: Called Strike 0-1: Foul Ball, location: 2F 0-2: Strikes out looking
|
Top of the 2nd over - 0 run(s), 3 hit(s), 0 error(s), 3 left on base; Indianapolis HS 0 - Jackson HS 1 |
BOTTOM OF THE 2ND |
Jackson HS Swamp Bats batting - Pitching for Indianapolis HS Chaos : RHP Denny Herbert
|
Batting: RHB Ken Case
|
0-0: Ball 1-0: SINGLE (Line Drive, 4)
|
Batting: RHB Brandon Davis
|
0-0: Ball 1-0: Called Strike 1-1: Ball 2-1: Ball 3-1: SINGLE (Groundball, 4D) Ken Case to second Runner from 2nd tries for 3rd, SAFE, throw made to third Brandon Davis to second
|
Batting: RHB Brendon Bachman
|
0-0: Ball 1-0: Ball 2-0: Swinging Strike 2-1: SINGLE (Line Drive, 8RS) Ken Case scores Brandon Davis to third
|
Batting: RHB Dan Crowder
|
0-0: Ball 1-0: Fly out, F9 (Flyball, 9LS)
|
Batting: LHB Brad Fuller
|
0-0: Ball 1-0: Fly out, F9 (Flyball, 89XD) Runner from 3rd tags up, SCORES, no throw
|
Batting: RHB Ron Frost
|
0-0: Ball 1-0: Ball 2-0: Ball 3-0: Base on Balls Brendon Bachman to second
|
Batting: RHB Julián García
|
0-0: Called Strike 0-1: Foul Ball, location: 2F 0-2: Ball 1-2: Ball 2-2: Ball 3-2: Foul Ball, location: 2F 3-2: 3-RUN HOME RUN (Flyball, 7LD), Distance : 346 ft
|
Pitching: RHP Dave George
|
|
Batting: LHB Carlos Anaya
|
0-0: Ball 1-0: Ball 2-0: Foul Ball, location: 2F 2-1: Foul Ball, location: 2F 2-2: Ground out U3 (Groundball, 34)
|
Bottom of the 2nd over - 5 run(s), 4 hit(s), 0 error(s), 0 left on base; Indianapolis HS 0 - Jackson HS 6 |
TOP OF THE 3RD |
Indianapolis HS Chaos batting - Pitching for Jackson HS Swamp Bats : RHP Johnny Jacobs
|
Batting: LHB Kyle Robbins
|
0-0: Fly out, F8 (Flyball, 8RS)
|
Batting: RHB Jesús Lima
|
0-0: Ball 1-0: Ball 2-0: Ball 3-0: Base on Balls
|
Batting: RHB Patrice Charette
|
0-0: Ball 1-0: Called Strike 1-1: Ball 2-1: Ball 3-1: Base on Balls Jesús Lima to second
|
Batting: LHB Ben Donaldson
|
0-0: Ball 1-0: Ball 2-0: Called Strike 2-1: SINGLE (Line Drive, 78M) Jesús Lima to third Patrice Charette to second Runner from 3rd tries for Home, SAFE, throw made home
|
Batting: RHB Robert Blanchard
|
0-0: Ball 1-0: Ball 2-0: Called Strike 2-1: Ball 3-1: Swinging Strike 3-2: Base on Balls Patrice Charette to third Ben Donaldson to second
|
Batting: RHB Warren Norton
|
0-0: Ball 1-0: Called Strike 1-1: Ball 2-1: Swinging Strike 2-2: Foul Ball, location: 2F 2-2: SINGLE (Flyball, 8RS) Patrice Charette scores Ben Donaldson to third Robert Blanchard to second
|
Batting: RHB Jack Gillespie
|
0-0: Ball 1-0: Called Strike 1-1: Ball 2-1: Ball 3-1: Base on Balls Ben Donaldson scores Robert Blanchard to third Warren Norton to second
|
Batting: LHB Millard Bengtson
|
0-0: Swinging Strike 0-1: Fly out, F8 (Flyball, 8LM) Runner from 3rd tags up, SCORES, throw made
|
Batting: RHB Danny Giles
|
0-0: Ball 1-0: Called Strike 1-1: Called Strike 1-2: Ball 2-2: Ball 3-2: Strikes out swinging
|
Top of the 3rd over - 4 run(s), 2 hit(s), 0 error(s), 2 left on base; Indianapolis HS 4 - Jackson HS 6 |
BOTTOM OF THE 3RD |
Jackson HS Swamp Bats batting - Pitching for Indianapolis HS Chaos : RHP Dave George
|
Batting: RHB Anthony O'Bryan
|
0-0: Ball 1-0: Called Strike 1-1: Fly out, F7 (Flyball, 7)
|
Batting: RHB Ken Case
|
0-0: Foul Ball, location: 2F 0-1: Ball 1-1: Ball 2-1: Called Strike 2-2: Ball 3-2: Foul Ball, location: 2F 3-2: Reached on error, E6 (Groundball, 6)
|
Batting: RHB Brandon Davis
|
0-0: Foul Ball, location: 2F 0-1: SINGLE (Groundball, 5) (infield hit) Ken Case to second
|
Batting: RHB Brendon Bachman
|
0-0: Ball 1-0: Reached via error on a dropped throw, E6 Ken Case to third Brandon Davis to second
|
Batting: RHB Dan Crowder
|
0-0: Foul Ball, location: 2F 0-1: Swinging Strike 0-2: Ball 1-2: SINGLE (Flyball, 8LS) Ken Case scores Brandon Davis to third Brendon Bachman to second
|
Batting: LHB Brad Fuller
|
0-0: Swinging Strike 0-1: Called Strike 0-2: Ball 1-2: Fly out, F7 (Line Drive, 78S) Runner from 3rd tags up, SCORES, no throw
|
Batting: RHB Ron Frost
|
0-0: Ball 1-0: Called Strike 1-1: Swinging Strike 1-2: Strikes out looking
|
Bottom of the 3rd over - 2 run(s), 2 hit(s), 2 error(s), 2 left on base; Indianapolis HS 4 - Jackson HS 8 |
TOP OF THE 4TH |
Indianapolis HS Chaos batting - Pitching for Jackson HS Swamp Bats : RHP Johnny Jacobs
|
Batting: LHB Kyle Robbins
|
0-0: Ball 1-0: Called Strike 1-1: Ball 2-1: Ball 3-1: Called Strike 3-2: Base on Balls
|
Batting: RHB Jesús Lima
|
0-0: Ball 1-0: Swinging Strike 1-1: Ball 2-1: Called Strike 2-2: Strikes out swinging
|
Pitching: RHP John Clark
|
|
Batting: RHB Patrice Charette
|
0-0: Ball 1-0: Foul Ball, location: 2F 1-1: SINGLE (Groundball, 34) (infield hit) Kyle Robbins to second
|
Batting: LHB Ben Donaldson
|
0-0: Ball 1-0: Ball 2-0: SINGLE (Groundball, 34D) Kyle Robbins to third Patrice Charette to second Runner from 3rd tries for Home, SAFE, throw made at trailing runner, SAFE at third!
|
Batting: RHB Robert Blanchard
|
0-0: Called Strike 0-1: Foul Ball, location: 2F 0-2: Ball 1-2: Ball 2-2: Ball 3-2: 3-RUN HOME RUN (Flyball, 78XD), Distance : 411 ft
|
Pitching: RHP Eric Ryan
|
|
Batting: RHB Warren Norton
|
0-0: Ball 1-0: Ball 2-0: Called Strike 2-1: Ball 3-1: Called Strike 3-2: Strikes out swinging
|
Batting: RHB Jack Gillespie
|
0-0: Foul Ball, location: 2F 0-1: Foul Ball, location: 2F 0-2: Ball 1-2: Fly out, F9 (Line Drive, 89S)
|
Top of the 4th over - 4 run(s), 3 hit(s), 0 error(s), 0 left on base; Indianapolis HS 8 - Jackson HS 8 |
BOTTOM OF THE 4TH |
Jackson HS Swamp Bats batting - Pitching for Indianapolis HS Chaos : RHP Dave George
|
Batting: RHB Julián García
|
0-0: Called Strike 0-1: Ball 1-1: Ball 2-1: Called Strike 2-2: Ball 3-2: Base on Balls
|
Batting: LHB Carlos Anaya
|
0-0: Called Strike 0-1: Ball 1-1: Ball Julián García steals 2nd base 2-1: Swinging Strike 2-2: Strikes out looking
|
Batting: RHB Anthony O'Bryan
|
0-0: Swinging Strike 0-1: Foul Ball, location: 2F 0-2: Ball 1-2: SINGLE (Line Drive, 6M) Julián García to third
|
Batting: RHB Ken Case
|
0-0: Ball 1-0: 3-RUN HOME RUN (Flyball, 78XD), Distance : 403 ft
|
Pitching: RHP Luis Remedios
|
|
Batting: RHB Brandon Davis
|
0-0: Ball 1-0: Ball 2-0: Ball 3-0: Base on Balls
|
Batting: RHB Brendon Bachman
|
0-0: Fly out, F9 (Flyball, 9LSF)
|
Batting: RHB Dan Crowder
|
0-0: Ball 1-0: Ball 2-0: Ball 3-0: Called Strike 3-1: Called Strike 3-2: SINGLE (Groundball, 6S) (infield hit) Brandon Davis to second
|
Batting: LHB Brad Fuller
|
0-0: Ball 1-0: Ground out 1-3 (Groundball, 13S)
|
Bottom of the 4th over - 3 run(s), 3 hit(s), 0 error(s), 2 left on base; Indianapolis HS 8 - Jackson HS 11 |
TOP OF THE 5TH |
Indianapolis HS Chaos batting - Pitching for Jackson HS Swamp Bats : RHP Eric Ryan
|
Batting: LHB Millard Bengtson
|
0-0: Ball 1-0: Fly out, F9 (Flyball, 9)
|
Batting: RHB Danny Giles
|
0-0: Ball 1-0: Reached on error, E5 (Groundball, 56S)
|
Batting: LHB Kyle Robbins
|
0-0: Ball 1-0: Ball 2-0: Called Strike 2-1: Ball 3-1: Called Strike 3-2: Strikes out swinging
|
Batting: RHB Jesús Lima
|
0-0: Fly out, F8 (Flyball, 89S)
|
Top of the 5th over - 0 run(s), 0 hit(s), 1 error(s), 1 left on base; Indianapolis HS 8 - Jackson HS 11 |
BOTTOM OF THE 5TH |
Jackson HS Swamp Bats batting - Pitching for Indianapolis HS Chaos : RHP Luis Remedios
|
Batting: RHB Ron Frost
|
0-0: Fly out, F7 (Flyball, 78M)
|
Batting: RHB Julián García
|
0-0: Called Strike 0-1: Swinging Strike 0-2: Ball 1-2: Foul Ball, location: 2F 1-2: Ball 2-2: Ball 3-2: Foul Ball, location: 2F 3-2: Foul Ball, location: 2F 3-2: Foul Ball, location: 2F 3-2: Foul Ball, location: 2F 3-2: Strikes out swinging
|
Batting: LHB Carlos Anaya
|
0-0: Called Strike 0-1: Called Strike 0-2: Ball 1-2: Ball 2-2: Foul Ball, location: 2F 2-2: Strikes out swinging
|
Bottom of the 5th over - 0 run(s), 0 hit(s), 0 error(s), 0 left on base; Indianapolis HS 8 - Jackson HS 11 |
TOP OF THE 6TH |
Indianapolis HS Chaos batting - Pitching for Jackson HS Swamp Bats : RHP Eric Ryan
|
Batting: RHB Patrice Charette
|
0-0: Foul Ball, location: 2F 0-1: Swinging Strike 0-2: Strikes out swinging
|
Batting: LHB Ben Donaldson
|
0-0: Called Strike 0-1: Foul Ball, location: 2F 0-2: Ball 1-2: Foul Ball, location: 2F 1-2: Ball 2-2: Strikes out swinging
|
Batting: RHB Robert Blanchard
|
0-0: Foul Ball, location: 2F 0-1: Ball 1-1: Called Strike 1-2: Strikes out swinging
|
Top of the 6th over - 0 run(s), 0 hit(s), 0 error(s), 0 left on base; Indianapolis HS 8 - Jackson HS 11 |
BOTTOM OF THE 6TH |
Jackson HS Swamp Bats batting - Pitching for Indianapolis HS Chaos : RHP Luis Remedios
|
Batting: RHB Anthony O'Bryan
|
0-0: Called Strike 0-1: Ball 1-1: Swinging Strike 1-2: Foul Ball, location: 2F 1-2: Ball 2-2: Ball 3-2: Fly out, F5 (Popup, 56S)
|
Batting: RHB Ken Case
|
0-0: Swinging Strike 0-1: Ball 1-1: SINGLE (Groundball, 4D)
|
Batting: RHB Brandon Davis
|
0-0: Foul Ball, location: 2F 0-1: Ball 1-1: Ball 2-1: Ball 3-1: Foul Ball, location: 2F 3-2: Base on Balls Ken Case to second
|
Batting: RHB Brendon Bachman
|
0-0: Ground out 5-3 (Groundball, 56S) Ken Case to third Brandon Davis to second
|
Batting: RHB Dan Crowder
|
0-0: Called Strike 0-1: Foul Ball, location: 2F 0-2: Ball 1-2: Ball 2-2: Fly out, F9 (Flyball, 9)
|
Bottom of the 6th over - 0 run(s), 1 hit(s), 0 error(s), 2 left on base; Indianapolis HS 8 - Jackson HS 11 |
TOP OF THE 7TH |
Indianapolis HS Chaos batting - Pitching for Jackson HS Swamp Bats : RHP Eric Ryan
|
Batting: RHB Warren Norton
|
0-0: Ground out 6-3 (Groundball, 6S)
|
Pitching: RHP Kris Saunders
|
|
Batting: RHB Jack Gillespie
|
0-0: Ground out 4-3 (Groundball, 4)
|
Batting: LHB Millard Bengtson
|
0-0: Foul Ball, location: 2F 0-1: Ball 1-1: Ball 2-1: Fly out, F7 (Flyball, 7LSF)
|
Top of the 7th over - 0 run(s), 0 hit(s), 0 error(s), 0 left on base; Indianapolis HS 8 - Jackson HS 11 |
BOTTOM OF THE 7TH |
Jackson HS Swamp Bats batting - Pitching for Indianapolis HS Chaos : RHP Luis Remedios
|
Batting: LHB Brad Fuller
|
0-0: Ball 1-0: SINGLE (Groundball, 6MD)
|
Batting: RHB Ron Frost
|
0-0: Bunted foul 0-1: Ball 1-1: Bunted foul 1-2: Strikes out swinging
|
Pitching: RHP Doug Hernández
|
|
Batting: RHB Julián García
|
0-0: Swinging Strike 0-1: Called Strike 0-2: Foul Ball, location: 2F 0-2: Ball 1-2: Grounds into double play, 1-6-3 (Groundball, P)
|
Bottom of the 7th over - 0 run(s), 1 hit(s), 0 error(s), 0 left on base; Indianapolis HS 8 - Jackson HS 11 |
TOP OF THE 8TH |
Indianapolis HS Chaos batting - Pitching for Jackson HS Swamp Bats : RHP Kris Saunders
|
Now at 2B: Kevin Wilson
|
|
Batting: RHB Danny Giles
|
0-0: SINGLE (Flyball, 89S)
|
Pitching: LHP Jeff Holman
|
|
Batting: LHB Kyle Robbins
|
0-0: Called Strike 0-1: Foul Ball, location: 2F 0-2: Ball 1-2: Foul Ball, location: 2F 1-2: Strikes out swinging
|
Pitching: RHP Greg Stone
|
|
Batting: RHB Jesús Lima
|
0-0: Called Strike 0-1: Ball 1-1: Ball 2-1: Foul Ball, location: 2F 2-2: Ball 3-2: DOUBLE (Flyball, 7LM) Danny Giles to third
|
Batting: RHB Patrice Charette
|
0-0: Called Strike 0-1: Ball 1-1: SINGLE (Flyball, 8LS) Danny Giles scores Jesús Lima to third
|
Batting: LHB Ben Donaldson
|
0-0: Called Strike 0-1: Foul Ball, location: 2F 0-2: Ball 1-2: Fly out, F3 (Line Drive, 3S)
|
Batting: RHB Robert Blanchard
|
0-0: Ball 1-0: Called Strike 1-1: Called Strike 1-2: Fielders Choice at 2nd, 4-6 (Groundball, 4)
|
Top of the 8th over - 1 run(s), 3 hit(s), 0 error(s), 1 left on base; Indianapolis HS 9 - Jackson HS 11 |
BOTTOM OF THE 8TH |
Jackson HS Swamp Bats batting - Pitching for Indianapolis HS Chaos : RHP Doug Hernández
|
Batting: LHB Carlos Anaya
|
0-0: Ball 1-0: Foul Ball, location: 2F 1-1: Ground out 6-3 (Groundball, 6)
|
Batting: RHB Anthony O'Bryan
|
0-0: Ball 1-0: Ball 2-0: Ball 3-0: Base on Balls
|
Batting: RHB Ken Case
|
0-0: Foul Ball, location: 2F 0-1: Swinging Strike 0-2: Ball 1-2: Strikes out swinging
|
Batting: RHB Brandon Davis
|
0-0: Ball 1-0: Swinging Strike 1-1: Ball 2-1: Swinging Strike 2-2: Ball 3-2: SINGLE (Flyball, 3D) Anthony O'Bryan to second Anthony O'Bryan to third
|
Batting: RHB Brendon Bachman
|
0-0: Called Strike Brandon Davis is caught stealing 2nd base
|
Bottom of the 8th over - 0 run(s), 1 hit(s), 0 error(s), 0 left on base; Indianapolis HS 9 - Jackson HS 11 |
TOP OF THE 9TH |
Indianapolis HS Chaos batting - Pitching for Jackson HS Swamp Bats : RHP Greg Stone
|
Pitching: RHP Peter Poe
|
|
Batting: RHB Warren Norton
|
0-0: Called Strike 0-1: Ball 1-1: Foul Ball, location: 2F 1-2: SINGLE (Groundball, 56D)
|
Pinch Hitting: RHB Curt David
|
0-0: Called Strike 0-1: Ball Balk! Warren Norton to second 1-1: Foul Ball, location: 2F 1-2: Ground out U3 (Groundball, 3) Warren Norton to third
|
Batting: LHB Millard Bengtson
|
0-0: Swinging Strike 0-1: Swinging Strike 0-2: Ball 1-2: Foul Ball, location: 2F 1-2: Foul Ball, location: 2F 1-2: SINGLE (Groundball, 4D) Warren Norton scores
|
Batting: RHB Danny Giles
|
0-0: Swinging Strike 0-1: Called Strike 0-2: Ball 1-2: Strikes out looking
|
Batting: LHB Kyle Robbins
|
0-0: Called Strike 0-1: Ball 1-1: Fielders Choice at 2nd, 4-6 (Groundball, 4)
|
Top of the 9th over - 1 run(s), 2 hit(s), 0 error(s), 0 left on base; Indianapolis HS 10 - Jackson HS 11 |
|